 Dungeon Crawl Stone Soup version 0.29-a0-323-g050149af67 (webtiles) character file.

Game seed: 17522794561910414188

53 spaghetti the Sneak (level 3, -2/29 HPs)
             Began as a Demigod Brigand on Apr 11, 2022.
             Slain by an orc priest
             ... wielding a +0 war axe
              (6 damage)
             ... on level 3 of the Dungeon.
             The game lasted 00:03:41 (2020 turns).

spaghetti the Sneak (Demigod Brigand)               Turns: 2020, Time: 00:03:41

Health: -2/29      AC:  3    Str: 11 (12) XL:     3   Next: 41%
Magic:  5/5        EV:  8    Int: 13      God:
Gold:   97         SH: 12    Dex: 16 (19) Spells: 2/2 levels left

rFire   . . .      SeeInvis .   a - +2 dagger {short}
rCold   . . .      Faith    .   f - +0 tower shield
rNeg    . . .      Spirit   .   b - +0 robe
rPois   .          Reflect  .   (no helmet)
rElec   .          Harm     .   c - +0 cloak
rCorr   .          Rampage  .   (no gloves)
Will    .....                   (no boots)
Stlth   +++.......              p - amulet of magic regeneration {@e2}
HPRegen 0.09/turn               (no ring)
MPRegen 0.49/turn               (no ring)

@: no status effects
A: high MP 1, forlorn, divine attributes
a: no special abilities


You were on level 3 of the Dungeon.
You visited 1 branch of the dungeon, and saw 3 of its levels.

You collected 97 gold pieces.


Innate Abilities, Weirdness & Mutations

You have an increased reservoir of magic. (+10% MP)
You shall have no god before yourself.
Your divine heritage dramatically boosts your attributes as you level up.


   Skills:
 - Level 1.7 Fighting
 - Level 1.7 Short Blades
 - Level 1.7 Throwing
 + Level 2.7 Dodging
 - Level 3.6 Stealth
 + Level 1.4 Shields


You had 2 spell levels left.
You didn't know any spells.
Your spell library contained the following spells:

 Spells                   Type           Power      Damage    Failure   Level
 Gell's Gravitas          Tloc           0%         N/A       100%        3
 Lesser Beckoning         Tloc           0%         N/A       100%        3
 Teleport Other           Tloc           0%         N/A       100%        3

Inventory:

Hand Weapons
 a - a +2 dagger (weapon) {short}
 h - a +0 long sword {long}
   (You found it on level 1 of the Dungeon)
Missiles
 d - 12 poisoned darts (quivered) {throwing}
 e - a curare-tipped dart {=fthrowing}
 g - 20 stones {throwing}
Armour
 b - a +0 robe (worn)
 c - a +0 cloak (worn)
 f - a +0 tower shield (worn)
   (You found it on level 1 of the Dungeon)
 l - a +0 ring mail of fire resistance
   (You found it on level 1 of the Dungeon)
Jewellery
 p - an amulet of magic regeneration (around neck) {@e2}
   (You found it on level 2 of the Dungeon)
Scrolls
 j - a scroll of identify {unknown}
 n - a scroll of teleportation {unknown}
 o - a scroll of blinking {unknown}
Potions
 i - a potion of degeneration {!q@e2}

Dungeon Overview and Level Annotations

Branches:
Dungeon (3/15)

#.. #..
..#.......#.# ## ..
#..#.......#.#..
..##......_.....#.
......#.......#..
......#oo.....#.#
..... .r... #o##
#..####.####.@##.##
#...!.....ooo.....#
###....########...#
. #.)....# ......
.. #...#..# .....
...##...#..###
.....
#............. ....
...##.###..### ....
.. #.<..>.#


You could see an orc priest (poisoned, slow) and 3 orcs.


Message History

The giant cockroach bites you but does no damage.
You block the kobold's attack.
The giant cockroach bites you but does no damage.
You hit the giant cockroach. You block the kobold's attack.
The giant cockroach barely misses you.
The kobold hits you with a +0 dagger. 😮 HP[-3]
You take 3 damage, and now have 18/29 hp.
You closely miss the giant cockroach. The giant cockroach bites you.
The giant cockroach bites you but does no damage.
You block the kobold's attack. 😮 HP[-1]
You take 1 damage, and now have 17/29 hp.
You hit the giant cockroach.
You kill the giant cockroach!
You block the kobold's attack.
You miss the kobold. The kobold hits you but does no damage.
The kobold hits you with a +0 dagger. 😮 HP[-1]
You take 1 damage, and now have 16/29 hp.
You barely miss the kobold. The kobold hits you with a +0 dagger.
You hit the kobold.
You kill the kobold!
g - 20 stones {throwing} (gained 5)
You see here a +0 dagger {short}.
You start resting.
A rat comes into view. 😮 HP[+1]
A rat is nearby!
A rat is nearby!
You start resting.
A rat is nearby! 😕 HP[+5]
You regained 5 hp, and now have 22/29 hp.
You catch the helpless rat completely off-guard!
You puncture the rat!
You kill the rat! 😕 HP[+1]
You start resting.
A rat is nearby! 😕 HP[+1]
A rat is nearby!
A rat is nearby!
A rat is nearby!
You see here a metallic amethyst potion. 😕 HP[+1]
An orc priest comes into view. It is wielding a +0 war axe.
Found an ornate altar of the Wu Jian Council. 2 orcs come into view.
An orc is wielding a +0 hand axe and wearing a +2 leather armour of cold resistance.
An orc comes into view. It is wielding a +0 war axe.
The orc shouts! x3
Unknown command.
You aren't carrying any items that you can evoke.
The orc priest calls down the wrath of Beogh upon you.
Pain shoots through your body! 😮 HP[-4]
You take 4 damage, and now have 21/29 hp.
There are monsters nearby!
Throw: 3 darts (curare) {=fthrowing}
Press: ? - help, Shift-Dir - straight line, f - orc
Aim: an orc, wielding a +0 war axe, wearing a +0 leather armour and quivering boomerangs (59% to hit)
You throw a curare-tipped dart {=fthrowing}.
The curare-tipped dart {=fthrowing} hits the orc priest.
The orc priest is poisoned.
The orc priest convulses.
The orc priest seems to slow down.
You hit the orc priest but do no damage.
You block the orc priest's attack. 😕 HP[+1]
You hit the orc priest but do no damage.
The orc priest invokes the aid of Beogh against you.
Pain shoots through your body!
* * * LOW HITPOINT WARNING * * *
😨 HP[-14]
You take 14 damage, and now have 8/29 hp.
MASSIVE DAMAGE!! (PAUSE)
You barely miss the orc priest. You block the orc priest's attack.
Okay, then.
Okay, then.
You aren't carrying any items that you can evoke.
Unknown command.
Unknown command.
Throw: 2 darts (curare) {=fthrowing}
Press: ? - help, Shift-Dir - straight line, f/p - orc
Aim: an orc, wielding a +0 war axe, wearing a +0 leather armour and quivering boomerangs (59% to hit)
You throw a curare-tipped dart {=fthrowing}.
The curare-tipped dart {=fthrowing} barely misses the orc priest.
The curare-tipped dart {=fthrowing} hits the rat.
The rat is poisoned.
The rat convulses.
You kill the rat!
You barely miss the orc priest. You block the orc's attack.
The orc hits you with a +0 hand axe.
* * * LOW HITPOINT WARNING * * *
The orc hits you with a +0 whip.
* * * LOW HITPOINT WARNING * * *
😱 HP[-4]
You take 4 damage, and now have 4/29 hp.
Unknown command.
The orc priest hits you with a +0 war axe.
You die...

Skill      XL: |  1  2 |
---------------+-------+-----
Dodging        | 2 |  2.7
Shields        | 1 |  1.4
Fighting       | |  1.7
Short Blades   | |  1.7
Throwing       | |  1.7
Stealth        | |  3.6

Action                   || total
-------------------------++-------
Melee: Dagger            ||    85
Throw: Dart              ||     3
  Use: Potion            ||     3
 Stab: Sleeping          ||     2
       Distracted        ||     1
Armor: Robe              ||    20
Dodge: Dodged            ||    39
Block: Tower shield      ||    43

Levels and vault maps discovered:
D:1:      amcnicky_arrival_abandoned_market, layout_loops_ring,
          dreamdust_ecumenical_altar_angels_and_demons,
          chequers_serial_rivers_micro_d, minivault_4
D:2:      layout_basic
D:3:      layout_loops_cross, old_standard_altar, mainiacjoe_overflow_alcove_1,
          serial_rivers, chequers_serial_rivers_room_a,
          chequers_serial_rivers_micro_a, chequers_serial_rivers_large_b,
          chequers_serial_rivers_room_b

Notes
Turn   | Place    | Note
-------+----------+-------------------------------------------
     0 | D:1      | spaghetti the Demigod Brigand began the quest for the Orb.
     0 | D:1      | Reached XP level 1. HP: 17/17 MP: 3/3
     0 | D:1      | magus.rc [v1.9.6]
   193 | D:1      | Reached skill level 1 in Dodging
   511 | D:1      | You pick up a book of Displacement and begin reading...
   511 | D:1      | You add the spells Lesser Beckoning, Gell's Gravitas and
                  | Teleport Other to your library.
   582 | D:1      | Reached skill level 2 in Dodging
   594 | D:1      | Reached XP level 2. HP: 20/24 MP: 4/4
  1626 | D:3      | Reached skill level 1 in Shields
  1626 | D:3      | Reached XP level 3. HP: 25/29 MP: 5/5
  2019 | D:3      | HP: 7/29 [orc/+0 hand axe (1)]
  2020 | D:3      | Slain by an orc priest

Vanquished Creatures
  3 adders
  A dart slug (D:2)
  A bat (D:1)
  A giant cockroach (D:3)
  4 goblins
  4 hobgoblins
  A quokka (D:1)
  2 ball pythons (D:1)
  4 kobolds
  3 rats
24 creatures vanquished.

Table legend:
 A = Non-vault XP
 B = Vault XP
 C = Vault XP percentage of total XP
 D = Non-vault monster count
 E = Vault monster count
 F = Vault count percentage of total count
                 A         B        C        D         E       F
            +---------+---------+-------+---------+---------+-------
      Total |      76 |       0 |   0.0 |      24 |       0 |   0.0
            +---------+---------+-------+---------+---------+-------
        D:1 |      18 |       0 |   0.0 |      11 |       0 |   0.0
        D:2 |      27 |       0 |   0.0 |       7 |       0 |   0.0
        D:3 |      31 |       0 |   0.0 |       6 |       0 |   0.0
            +---------+---------+-------+---------+---------+-------

Illustrated notes

Table legend:
 A = Kills in this place as a percentage of kills in entire the game.
 B = Kills by you in this place as a percentage of kills by you in the entire game.
 C = Kills by friends in this place as a percentage of kills by friends in the entire game.
 D = Other kills in this place as a percentage of other kills in the entire game.
 E = Experience gained in this place as a percentage of experience gained in the entire game.
 F = Experience gained in this place divided by the number of levels of this place that you have seen.
                   A       B       C       D       E      F
               +-------+-------+-------+-------+-------+----------------------
         Total | 100.0 | 100.0 |   N/A |   N/A | 100.0 |  25.3
       Dungeon | 100.0 | 100.0 |   N/A |   N/A | 100.0 |  25.3
               +-------+-------+-------+-------+-------+----------------------

Table legend: (Time is in decaauts)
 A = Elapsed time spent in this place.
 B = Non-inter-level travel time spent in this place.
 C = Inter-level travel time spent in this place.
 D = Time resting spent in this place.
 E = Time spent auto-exploring this place.
 F = Levels seen in this place.
 G = Mean time per level.
                   A        B        C        D        E       F      G
               +--------+--------+--------+--------+--------+-----+--------+
         Total |   2021 |   1877 |    144 |    912 |    675 |   3 |  673.7 |
       Dungeon |   2021 |   1877 |    144 |    912 |    675 |   3 |  673.7 |
               +--------+--------+--------+--------+--------+-----+--------+

Top non-repeatable levels by time:
     D:1: 1487 daAuts
     D:2: 371 daAuts
     D:3: 162 daAuts
